Workbook

Sheet 投标报价封面
A1: 2022年白云区供销总公司物业消防设备 维护保养项目
A2: 投 标 总 价
A3: 项 目 名 称： | B3: =A1 -> 2022年白云区供销总公司物业消防设备 维护保养项目
A4: 投 标 总 价： | B4: （小写）： | C4: =[1]报价汇总表!F33 -> 0
B5: （大写）： | C5: =C4 -> 0
A6: 投 标 人：
B7: (单位盖章)
A8: 法定代表人 或其授权人：
B9: (签字或盖章)
A10: 编 制 人：
B11: （造价人员签字盖专用章）
A12: 编 制 时 间：

Sheet 投标报价汇总表
A1: 工程量清单报价汇总表
A2: 项目名称：2023年度物业变配电设施设备维护保养项目
A3: 序号 | B3: 项目名称 | C3: 计量单位 | D3: 数量 | E3: 单价(元) | F3: 合价(元) | G3: 备注
A4: =ROW()-3 -> 1 | B4: =清单与计价表!B4 -> 嘉禾丰兴商业广场 | C4: 项 | D4: 1 | E4: =清单与计价表!J14 -> 0 | F4: =E4*D4 -> 0
A5: =ROW()-3 -> 2 | B5: =清单与计价表!B15 -> 石井百货公司 | C5: 项 | D5: 1 | E5: =清单与计价表!J21 -> 0 | F5: =E5*D5 -> 0
A6: =ROW()-3 -> 3 | B6: =清单与计价表!B22 -> 石井槎头商铺 | C6: 项 | D6: 1 | E6: =清单与计价表!J32 -> 0 | F6: =E6*D6 -> 0
A7: =ROW()-3 -> 4 | B7: =清单与计价表!B33 -> 太和生产资料 | C7: 项 | D7: 1 | E7: =清单与计价表!J39 -> 0 | F7: =E7*D7 -> 0
A8: =ROW()-3 -> 5 | B8: =清单与计价表!B40 -> 人和旧办公室 | C8: 项 | D8: 1 | E8: =清单与计价表!J46 -> 0 | F8: =E8*D8 -> 0
A9: =ROW()-3 -> 6 | B9: =清单与计价表!B47 -> 江村综合商场 | C9: 项 | D9: 1 | E9: =清单与计价表!J53 -> 0 | F9: =E9*D9 -> 0
A10: =ROW()-3 -> 7 | B10: =清单与计价表!B54 -> 竹料茶楼 | C10: 项 | D10: 1 | E10: =清单与计价表!J60 -> 0 | F10: =E10*D10 -> 0
A11: =ROW()-3 -> 8 | B11: =清单与计价表!B61 -> 竹料旧酱场 | C11: 项 | D11: 1 | E11: =清单与计价表!J67 -> 0 | F11: =E11*D11 -> 0
A12: =ROW()-3 -> 9 | B12: =清单与计价表!B68 -> 中和厂房 | C12: 项 | D12: 1 | E12: =清单与计价表!J74 -> 0 | F12: =E12*D12 -> 0
A13: =ROW()-3 -> 10 | B13: =清单与计价表!B75 -> 沙岗岭厂房 | C13: 项 | D13: 1 | E13: =清单与计价表!J81 -> 0 | F13: =E13*D13 -> 0
A14: =ROW()-3 -> 11 | B14: =清单与计价表!B82 -> 新和厂房 | C14: 项 | D14: 1 | E14: =清单与计价表!J88 -> 0 | F14: =E14*D14 -> 0
A15: A | B15: 小计 | F15: =SUM(F4:F14) -> 0
A16: B | B16: 税金（A）×6% | F16: =F15*6% -> 0
A17: C | B17: 含税合计（A+B） | F17: =F15+F16 -> 0

Sheet 清单与计价表
A1: 变配电设施设备维护保养项目清单与计价表
A2: 项目名称：2023年度物业变配电设施设备维护保养项目
A3: 序号 | B3: 项目名称 | C3: 项目地址 | D3: 主要设备明细 | E3: 设备型号 | F3: 部分现有设备厂牌 | G3: 计量单位 | H3: 数量 | I3: 单价（元） | J3: 合价（元）
A4: 1 | B4: 嘉禾丰兴商业广场 | C4: 广花路西侧加禾墟东街68号,4号,加禾东横街20号,12号 | D4: 800K变压器 | E4: S11-800 | F4: 明珠电气股份有限公司 | G4: 台 | H4: 1 | J4: =H4*I4 -> 0
D5: 高压柜 | E5: KYN | F5: 广东中兴电器开关股份有限公司 | G5: 具 | H5: 2 | J5: =H5*I5 -> 0
D6: 直流屏电柜蓄电池系统 | F6: 广东中兴电器开关股份有限公司 | G6: 套 | H6: 1 | J6: =H6*I6 -> 0
D7: 低压柜 | E7: GCL | F7: 佛山市顺德区永丰机电设备实业有限公司 | G7: 具 | H7: 4 | J7: =H7*I7 -> 0
D8: 零序保护 | G8: 套 | H8: 1 | J8: =H8*I8 -> 0
D9: 瓦斯保护 | G9: 套 | H9: 1 | J9: =H9*I9 -> 0
D10: 高压电缆（100米内） | G10: 项 | H10: 1 | J10: =H10*I10 -> 0
D11: 户内电缆头 | G11: 套 | H11: 4 | J11: =H11*I11 -> 0
D12: 避雷器 | G12: 组 | H12: 1 | J12: =H12*I12 -> 0
D13: 直流电动操作定时限保护 | G13: 项 | H13: 1 | J13: =H13*I13 -> 0
A14: 小计 | J14: =SUM(J4:J13) -> 0
A15: 2 | B15: 石井百货公司 | C15: 石井桥头直街1号 | D15: 250K变压器 | E15: S11-250 | F15: 广州南方电力集团电器有限公司 | G15: 台 | H15: 1 | J15: =H15*I15 -> 0
D16: 高压柜 | E16: HXGN | F16: 广州南方电力集团电器有限公司 | G16: 具 | H16: 2 | J16: =H16*I16 -> 0
D17: 低压柜 | E17: GGD | F17: 佛山市顺德区永丰机电设备实业有限公司 | G17: 具 | H17: 3 | J17: =H17*I17 -> 0
D18: 高压电缆（100米内） | G18: 项 | H18: 1 | J18: =H18*I18 -> 0
D19: 户内电缆头 | G19: 套 | H19: 2 | J19: =H19*I19 -> 0
D20: 避雷器 | G20: 组 | H20: 1 | J20: =H20*I20 -> 0
A21: 小计 | J21: =SUM(J15:J20) -> 0
A22: 3 | B22: 石井槎头商铺 | C22: 白云区石井镇西槎路槎头大街753-763号 | D22: 800K变压器 | E22: S11-800 | F22: 海南威特电气集团有限公司 | G22: 台 | H22: 1 | J22: =H22*I22 -> 0
D23: 高压柜 | E23: KYN | F23: 广东顺德怡洋电器设备有限公司 | G23: 具 | H23: 2 | J23: =H23*I23 -> 0
D24: 低压柜 | E24: GCL | F24: 广东顺德怡洋电器设备有限公司 | G24: 具 | H24: 4 | J24: =H24*I24 -> 0
D25: 直流屏电柜（蓄电池系统） | F25: 广东顺德怡洋电器设备有限公司 | G25: 套 | H25: 1 | J25: =H25*I25 -> 0
D26: 零序保护 | G26: 套 | H26: 1 | J26: =H26*I26 -> 0
D27: 瓦斯保护 | G27: 套 | H27: 1 | J27: =H27*I27 -> 0
D28: 高压电缆（370米） | G28: 项 | H28: 1 | J28: =H28*I28 -> 0
D29: 户内电缆头 | G29: 套 | H29: 2 | J29: =H29*I29 -> 0
D30: 避雷器 | G30: 组 | H30: 1 | J30: =H30*I30 -> 0
D31: 直流电动操作定时限保护 | G31: 项 | H31: 1 | J31: =H31*I31 -> 0
A32: 小计 | J32: =SUM(J22:J31) -> 0
A33: 4 | B33: 太和生产资料 | C33: 白云区太和镇朝亮中路18、20、22、24、26号 | D33: 630K变压器（干式） | E33: SCB11-630KVA | G33: 台 | H33: 1 | J33: =H33*I33 -> 0
D34: 高压柜 | E34: HXGN | F34: 广州白云电器设备股份有限公司 | G34: 具 | H34: 4 | J34: =H34*I34 -> 0
D35: 低压柜 | E35: GGD | F35: 广州白云电器设备股份有限公司 | G35: 具 | H35: 4 | J35: =H35*I35 -> 0
D36: 高压电缆（100米内） | G36: 项 | H36: 1 | J36: =H36*I36 -> 0
D37: 户内电缆头 | G37: 套 | H37: 4 | J37: =H37*I37 -> 0
D38: 避雷器 | G38: 组 | H38: 1 | J38: =H38*I38 -> 0
A39: 小计 | J39: =SUM(J33:J38) -> 0
A40: 5 | B40: 人和旧办公室 | C40: 人和镇人和墟大街22号 | D40: 315K变压器 | E40: S11-315 | G40: 台 | H40: 1 | J40: =H40*I40 -> 0
D41: 高压柜 | E41: HXGN | G41: 具 | H41: 4 | J41: =H41*I41 -> 0
D42: 低压柜 | E42: GGD | G42: 具 | H42: 3 | J42: =H42*I42 -> 0
D43: 高压电缆（100米内） | G43: 项 | H43: 1 | J43: =H43*I43 -> 0
D44: 户内电缆头 | G44: 套 | H44: 4 | J44: =H44*I44 -> 0
D45: 避雷器 | G45: 组 | H45: 1 | J45: =H45*I45 -> 0
A46: 小计 | J46: =SUM(J40:J45) -> 0
A47: 6 | B47: 江村综合商场 | C47: 江高镇江同路149号 | D47: 630K变压器 | E47: S11-630 | F47: 佛山市顺德区永丰机电设备实业有限公司 | G47: 台 | H47: 1 | J47: =H47*I47 -> 0
D48: 高压柜 | E48: HXGN | F48: 佛山市顺德区永丰机电设备实业有限公司 | G48: 具 | H48: 4 | J48: =H48*I48 -> 0
D49: 低压柜 | E49: GGD | F49: 佛山市顺德区永丰机电设备实业有限公司 | G49: 具 | H49: 4 | J49: =H49*I49 -> 0
D50: 高压电缆（100米内） | G50: 项 | H50: 1 | J50: =H50*I50 -> 0
D51: 户内电缆头 | G51: 套 | H51: 4 | J51: =H51*I51 -> 0
D52: 避雷器 | G52: 组 | H52: 1 | J52: =H52*I52 -> 0
A53: 小计 | J53: =SUM(J47:J52) -> 0
A54: 7 | B54: 竹料茶楼 | C54: 白云区竹料镇竹料大街82号 | D54: 630k变压器 | E54: S11-630 | F54: 佛山市顺德区永丰机电设备实业有限公司 | G54: 台 | H54: 1 | J54: =H54*I54 -> 0
D55: 高压柜 | E55: HXGN | F55: 佛山市顺德区永丰机电设备实业有限公司 | G55: 具 | H55: 4 | J55: =H55*I55 -> 0
D56: 低压柜 | E56: GGD | F56: 佛山市顺德区永丰机电设备实业有限公司 | G56: 具 | H56: 4 | J56: =H56*I56 -> 0
D57: 高压电缆（260米） | G57: 项 | H57: 1 | J57: =H57*I57 -> 0
D58: 户内电缆头 | G58: 套 | H58: 4 | J58: =H58*I58 -> 0
D59: 避雷器 | G59: 组 | H59: 1 | J59: =H59*I59 -> 0
A60: 小计 | J60: =SUM(J54:J59) -> 0
A61: 8 | B61: 竹料旧酱场 | C61: 白云区竹料镇竹料大街136号 | D61: 630k变压器 | E61: S11-M-630/10 | F61: 广州市乾式变压器有限公司 | G61: 台 | H61: 1 | J61: =H61*I61 -> 0
D62: 高压柜 | E62: HXGN-12 | F62: 佛山市顺德区永丰机电设备实业有限公司 | G62: 具 | H62: 4 | J62: =H62*I62 -> 0
D63: 低压柜 | E63: GGD | F63: 广州市白云区新城市电器厂 | G63: 具 | H63: 4 | J63: =H63*I63 -> 0
D64: 高压电缆（100米内） | G64: 项 | H64: 1 | J64: =H64*I64 -> 0
D65: 户内电缆头 | G65: 套 | H65: 4 | J65: =H65*I65 -> 0
D66: 避雷器 | G66: 组 | H66: 1 | J66: =H66*I66 -> 0
A67: 小计 | J67: =SUM(J61:J66) -> 0
A68: 9 | B68: 中和厂房 | C68: 竹料中和路320号 | D68: 低压柜 | E68: GGD | F68: 佛山市顺德区永丰机电设备实业有限公司 | G68: 具 | H68: 3 | J68: =H68*I68 -> 0
D69: 高压柜 | E69: HXGN-12 | F69: 佛山市顺德区永丰机电设备实业有限公司 | G69: 具 | H69: 4 | J69: =H69*I69 -> 0
D70: 315K变压器 | E70: S11-315/10 | F70: 广州市新里程变压器有限公司 | G70: 台 | H70: 1 | J70: =H70*I70 -> 0
D71: 高压电缆（100米内） | G71: 项 | H71: 1 | J71: =H71*I71 -> 0
D72: 户内电缆头 | G72: 套 | H72: 4 | J72: =H72*I72 -> 0
D73: 避雷器 | G73: 组 | H73: 1 | J73: =H73*I73 -> 0
A74: 小计 | J74: =SUM(J68:J73) -> 0
A75: 10 | B75: 沙岗岭厂房 | C75: 白云区钟落潭镇沙岗岭路60号 | D75: 低压柜 | E75: GGD | F75: 佛山市顺德区永丰机电设备实业有限公司 | G75: 具 | H75: 3 | J75: =H75*I75 -> 0
D76: 高压柜 | E76: HXGN-12 | F76: 佛山市顺德区永丰机电设备实业有限公司 | G76: 具 | H76: 4 | J76: =H76*I76 -> 0
D77: 315K变压器 | E77: S11-315/10 | F77: 广州市新里程变压器有限公司 | G77: 台 | H77: 1 | J77: =H77*I77 -> 0
D78: 高压电缆（100米内） | G78: 项 | H78: 1 | J78: =H78*I78 -> 0
D79: 户内电缆头 | G79: 套 | H79: 4 | J79: =H79*I79 -> 0
D80: 避雷器 | G80: 组 | H80: 1 | J80: =H80*I80 -> 0
A81: 小计 | J81: =SUM(J75:J80) -> 0
A82: 11 | B82: 新和厂房 | C82: 白云区钟落潭镇新和西街33号 | D82: 200K变压器 | E82: S11-200 | F82: 佛山市顺德区永丰机电设备实业有限公司 | G82: 台 | H82: 1 | J82: =H82*I82 -> 0
D83: 高压柜 | E83: HXGN | F83: 佛山市顺德区永丰机电设备实业有限公司 | G83: 具 | H83: 2 | J83: =H83*I83 -> 0
D84: 低压柜 | E84: GGD | F84: 佛山市顺德区永丰机电设备实业有限公司 | G84: 具 | H84: 5 | J84: =H84*I84 -> 0
D85: 高压电缆（100米内） | G85: 项 | H85: 1 | J85: =H85*I85 -> 0
D86: 户内电缆头 | G86: 套 | H86: 2 | J86: =H86*I86 -> 0
D87: 避雷器 | G87: 组 | H87: 1 | J87: =H87*I87 -> 0
A88: 小计 | J88: =SUM(J82:J87) -> 0
A89: 合计 | J89: =J14+J21+J32+J39+J46+J53+J60+J67+J74+J81+J88 -> 0
A90: 说明： 1.电缆不足100米按100米计算； 2.以上报价均含人工费、材料费、机械费、管理费、利润及相应的风险； 3.以上报价应包括为按现场设备实际情况及规范要求完成该清单项目所需要的其他附属工作内容所涉及的一切费用。
